Map: Orbital Shipyard

Players

GunGFuBanDa

  • Race: Protoss Protoss
  • League: Grandmaster

LiquidSnute (Snute) - Winner!

  • Race: Zerg Zerg
  • League: Grandmaster

Event: Homestory Cup XII

VOD

Have the link to the VOD?

Description

Time

  • Played on: Dec. 18, 2015, 12:40 p.m.
  • Length: 14:38

All games in this series

Show
View Real Time Build Order
Export as new Build Order

GunGFuBanDa Protoss 

Build Orders: Double Forge, Nexus First 

Get SALT Encoding   

  12  0:00  Probe (Chrono Boost)  
  13  0:11  Probe (Chrono Boost)  
  14  0:17  Pylon  
  14  0:22  Probe (Chrono Boost)  
  16  0:35  Probe (Chrono Boost)  
  16  0:46  Probe (Chrono Boost)  
  17  0:57  Probe (Chrono Boost)  
  18  1:03  Nexus  
  18  1:13  Gateway  
  18  1:16  Probe (Chrono Boost)  
  19  1:22  Assimilator  
  19  1:27  Probe (Chrono Boost)  
  19  1:37  Forge  
  19  1:39  Probe (Chrono Boost)  
  20  1:47  Gateway  
  20  1:49  Probe (Chrono Boost)  
  21  2:00  Zealot (Chrono Boost)  
  23  2:06  Pylon  
  23  2:11  Pylon  
  23  2:14  Pylon  
  23  2:22  Pylon  
  23  2:24  Probe  
  23  2:29  Zealot (Chrono Boost)  
  26  2:30  Probe  
  27  2:37  Probe  
  27  2:38  Cybernetics Core  
  27  2:40  Probe (Chrono Boost)  
  29  2:47  Assimilator  
  29  2:52  Probe (Chrono Boost)  
  30  3:01  Probe (Chrono Boost)  
  30  3:03  Probe (Chrono Boost)  
  32  3:11  Probe (Chrono Boost)  
  33  3:14  Probe (Chrono Boost)  
  34  3:21  Warp Gate  
  34  3:22  Mothership Core (Chrono Boost), Adept (Chrono Boost)  
  34  3:23  Adept (Chrono Boost)  
  34  3:24  Probe (Chrono Boost)  
  41  3:36  Probe (Chrono Boost), Pylon  
  41  3:43  Probe (Chrono Boost)  
  43  3:48  Probe (Chrono Boost)  
  43  3:54  Probe (Chrono Boost)  
  44  3:57  Sentry  
  44  3:59  Probe (Chrono Boost)  
  47  4:04  Sentry, Probe (Chrono Boost)  
  47  4:09  Probe (Chrono Boost), Nexus  
  51  4:15  Probe (Chrono Boost), Pylon  
  52  4:23  Probe (Chrono Boost)  
  53  4:25  Probe (Chrono Boost)  
  54  4:33  Probe (Chrono Boost)  
  54  4:36  Probe (Chrono Boost)  
  56  4:44  Probe (Chrono Boost)  
  53  4:47  Probe (Chrono Boost)  
  53  4:48  Forge  
  53  4:51  Gateway  
  52  4:54  Probe (Chrono Boost), Pylon, Assimilator  
  52  4:57  Probe (Chrono Boost), Assimilator  
  54  5:05  Probe (Chrono Boost)  
  55  5:08  Probe (Chrono Boost)  
  55  5:09  Robotics Facility  
  56  5:15  Probe (Chrono Boost), Pylon  
  56  5:16  Protoss Ground Weapons Level 1 (Chrono Boost)  
  56  5:17  Probe (Chrono Boost)  
  56  5:21  Pylon  
  56  5:22  Probe (Chrono Boost)  
  56  5:26  Sentry x2, Probe  
  56  5:27  Probe  
  62  5:33  Probe  
  62  5:34  Pylon  
  64  5:37  Probe  
  64  5:38  Probe  
  64  5:42  Pylon  
  66  5:43  Probe  
  66  5:47  Gateway, Photon Cannon  
  66  5:48  Probe  
  68  5:50  Probe  
  68  5:53  Twilight Council  
  68  5:54  Probe  
  68  5:55  Photon Cannon  
  70  5:59  Probe  
  71  6:05  Adept x3  
  77  6:12  Probe  
  77  6:13  Pylon  
  77  6:14  Observer (Chrono Boost), Assimilator  
  77  6:15  Assimilator  
  77  6:16  Probe  
  80  6:25  Gateway  
  80  6:29  Probe  
  80  6:30  Robotics Facility  
  80  6:31  Warp Prism (Chrono Boost)  
  83  6:37  Stalker x3  
  89  6:40  Photon Cannon  
  89  6:42  Probe  
  89  6:43  Blink (Chrono Boost)  
  89  6:44  Probe  
  91  6:48  Probe  
  91  6:49  Pylon  
  92  6:57  Protoss Ground Weapons Level 2  
  92  7:00  Stargate  
  92  7:04  Stargate  
  92  7:05  Pylon  
  92  7:29  Probe x2, Immortal  
  91  7:32  Stalker x4  
  101  7:46  Pylon, Photon Cannon  
  101  7:47  Phoenix x2 (Chrono Boost)  
  101  7:48  Pylon  
  101  7:50  Stalker  
  107  7:53  Observer  
  107  7:57  Photon Cannon  
  107  7:58  Pylon  
  108  8:08  Stalker x3, Pylon  
  108  8:09  Pylon, Phoenix x2 (Chrono Boost)  
  108  8:11  Photon Cannon  
  118  8:22  Adept x2  
  118  8:26  Gateway  
  122  8:27  Gateway  
  126  8:35  Charge (Chrono Boost)  
  126  8:38  Immortal x2 (Chrono Boost)  
  130  8:54  Stalker x2, Adept  
  136  9:04  Templar Archives  
  136  9:06  Nexus  
  136  9:08  Colossus x2  
  136  9:09  Immortal, Pylon  
  136  9:10  Pylon  
  136  9:15  Pylon  
  140  9:17  Observer, Pylon  
  140  9:18  Protoss Ground Weapons Level 3 (Chrono Boost), Adept x2  
  140  9:19  Adept  
  147  9:30  Gateway  
  147  9:31  Pylon  
  147  9:34  Immortal  
  143  9:56  Adept x3  
  143  9:57  Adept  
  141  10:08  Immortal x2  
  124  10:20  Stalker x2  
  124  10:21  Adept x3  
  125  10:32  Phoenix x2  
  119  10:44  Stalker  
  119  10:45  Stalker x3  
  119  10:46  Stalker x3  
  125  11:08  Adept x4  
  125  11:09  Adept  
  137  11:17  Phoenix x2 (Chrono Boost)  
  131  11:29  Nexus  
  131  11:36  Pylon  
  131  11:37  Mothership Core  
  131  11:39  Pylon  
  133  11:41  High Templar x2  
  133  11:46  Archon  
  137  11:48  Pylon  
  137  11:52  Phoenix x2 (Chrono Boost)  
  141  12:03  Pylon  
  141  12:06  Pylon  
  141  12:14  Robotics Bay  
  145  12:20  Fleet Beacon  
  145  12:27  Stalker  
  145  12:28  Stalker, Void Ray x2  
  149  12:38  Protoss Air Weapons Level 1 (Chrono Boost)  
  149  12:44  Probe x2  
  149  12:50  Warp Prism  
  153  13:09  Stalker x2  
  153  13:10  Stalker x3  
  153  13:11  Stalker x2  
  167  13:14  Pylon, Photon Cannon  
  167  13:15  Pylon  
  167  13:16  Assimilator  
  167  13:20  Tempest  
  167  13:21  Assimilator  
  167  13:22  Tempest  
  175  13:40  Pylon  
  175  13:48  High Templar x2  
  175  13:54  Pylon, Archon  
  171  14:03  Stalker x3  
  171  14:04  Stalker  
  138  14:24  Stalker x3  
Show
View Real Time Build Order
Export as new Build Order

LiquidSnute Zerg - Winner!

Build Orders: Pool First 

Get SALT Encoding   

  12  0:18  Spawning Pool  
  11  0:22  Drone  
  11  0:26  Drone  
  13  0:30  Drone  
  14  0:40  Overlord  
  14  1:04  Queen  
  14  1:05  Zergling x6  
  19  1:18  Drone  
  20  1:32  Hatchery, Drone  
  21  1:38  Drone  
  21  1:48  Overlord  
  21  2:05  Hatchery  
  21  2:08  Drone  
  21  2:11  Drone  
  21  2:14  Drone  
  23  2:18  Drone  
  24  2:24  Drone  
  24  2:26  Drone  
  25  2:35  Drone  
  26  2:43  Drone x3  
  29  2:44  Drone  
  30  2:51  Overlord  
  30  2:56  Drone  
  31  2:59  Drone  
  31  3:02  Queen  
  34  3:06  Drone  
  34  3:09  Drone  
  36  3:14  Drone  
  36  3:17  Drone x3  
  36  3:18  Drone  
  40  3:20  Drone  
  41  3:27  Overlord  
  41  3:30  Drone  
  41  3:31  Drone  
  41  3:33  Extractor  
  42  3:34  Extractor  
  42  3:38  Drone  
  42  3:40  Drone  
  43  3:43  Drone  
  43  3:47  Queen  
  43  3:48  Queen  
  45  3:49  Queen  
  45  3:52  Drone x4  
  53  3:57  Overlord  
  53  3:58  Drone  
  53  4:00  Drone  
  55  4:06  Zergling x4  
  57  4:10  Overlord  
  57  4:14  Zergling x2  
  57  4:16  Zergling x2  
  59  4:19  Zergling x6  
  62  4:30  Drone x3  
  61  4:32  Drone  
  59  4:41  Drone x2  
  59  4:43  Lair  
  59  4:45  Drone  
  62  4:47  Evolution Chamber, Drone x3, Extractor  
  62  4:48  Drone  
  62  4:49  Extractor x2  
  62  4:51  Drone  
  63  4:53  Metabolic Boost, Extractor  
  63  4:55  Drone  
  63  4:57  Drone  
  64  5:00  Drone  
  64  5:05  Drone x3  
  64  5:06  Overlord  
  68  5:12  Zerg Melee Weapons Level 1  
  68  5:13  Drone, Roach Warren  
  68  5:14  Drone  
  69  5:15  Drone x2  
  69  5:16  Overlord  
  69  5:18  Drone x3  
  74  5:24  Drone x3  
  77  5:29  Drone  
  77  5:33  Drone  
  77  5:34  Drone  
  80  5:36  Drone x3  
  80  5:41  Drone, Infestation Pit  
  83  5:45  Drone x2  
  83  5:46  Drone x2  
  83  5:47  Drone x3  
  90  5:51  Overlord  
  90  5:52  Glial Reconstitution  
  90  5:53  Overlord  
  90  5:58  Overlord  
  90  5:59  Spire  
  89  6:06  Hatchery  
  88  6:17  Hive  
  88  6:19  Overseer  
  88  6:21  Infestor x2  
  88  6:25  Overlord  
  92  6:27  Zergling x2  
  92  6:28  Zergling x20  
  103  6:40  Overlord  
  103  6:42  Roach  
  105  6:48  Overlord x2  
  105  7:04  Drone x3  
  105  7:05  Drone x4  
  105  7:06  Ravager  
  105  7:07  Roach x3  
  105  7:08  Zerg Melee Weapons Level 2  
  119  7:10  Extractor  
  119  7:11  Evolution Chamber  
  119  7:12  Extractor  
  113  7:28  Roach  
  113  7:29  Roach x3  
  117  7:30  Zergling x16  
  117  7:31  Queen x3  
  117  7:36  Mutalisk x4  
  135  7:38  Adrenal Glands  
  135  7:40  Zerg Ground Armor Level 1  
  135  7:43  Ultralisk Cavern, Queen  
  136  7:50  Ravager x2  
  138  7:51  Drone x3  
  138  7:52  Drone x3  
  138  7:53  Overlord x2  
  138  7:54  Extractor  
  143  8:02  Overlord x2  
  143  8:09  Queen  
  143  8:10  Spore Crawler  
  143  8:11  Spore Crawler  
  143  8:13  Spore Crawler x2  
  143  8:17  Overlord x3  
  141  8:21  Queen  
  141  8:22  Queen x2  
  147  8:31  Chitinous Plating  
  147  8:32  Ultralisk  
  153  8:38  Ultralisk  
  159  8:43  Ultralisk  
  159  8:45  Ultralisk  
  169  8:51  Ultralisk  
  175  9:03  Ultralisk  
  175  9:11  Ultralisk  
  181  9:23  Ultralisk x2  
  193  9:25  Zergling x14  
  199  9:46  Zerg Melee Weapons Level 3  
  199  9:48  Zerg Ground Armor Level 2  
  199  9:58  Mutalisk x3  
  188  10:12  Zergling x30  
  188  10:13  Zergling x4  
  181  10:22  Drone x3  
  178  10:35  Zergling x14  
  161  10:44  Greater Spire  
  157  10:55  Ultralisk x2  
  161  10:57  Zergling x2  
  161  10:58  Zergling x12  
  158  11:07  Corruptor x3  
  158  11:10  Queen x4  
  158  11:11  Corruptor  
  170  11:16  Zergling x2  
  163  11:23  Zergling x2  
  163  11:24  Zergling x4  
  166  11:39  Zergling x2  
  169  11:40  Zergling x12  
  169  11:45  Corruptor  
  169  11:46  Corruptor, Queen x2  
  181  11:57  Brood Lord x4  
  181  11:58  Overseer  
  181  11:59  Corruptor x2  
  193  12:17  Brood Lord  
  193  12:18  Brood Lord  
  197  12:25  Zerg Missile Weapons Level 1  
  197  12:32  Brood Lord  
  197  12:34  Spore Crawler  
  197  12:35  Brood Lord  
  197  12:53  Zergling x4  
  199  13:02  Hatchery  
  198  13:12  Overlord x3  
  198  13:13  Spore Crawler x2  
  198  13:19  Baneling Nest  
  195  13:23  Overseer  
  195  13:24  Overseer  
  194  14:02  Zergling x10  
  180  14:17  Zergling x4  
  180  14:18  Zergling x34  
Tags
 
Add a new tag
Caveats
  • Supply blocks, unpowered buildings, or Contaminate may cause inaccurate times.
  • Supply counts are checked every 10 seconds.